 Dungeon Crawl Stone Soup version 0.22-a0-456-g11ed031 (webtiles) character file.

567676 Mgcat the Merfolkian Porcupine (level 27, -11/233 HPs)
             Began as a Merfolk Berserker on June 7, 2018.
             Was a High Priest of Trog.
             Killed by divine providence
             ... invoked by a sphinx
              (13 damage)
             ... on level 5 of the Vaults.
             The game lasted 02:38:43 (50777 turns).

Mgcat the Merfolkian Porcupine (Merfolk Berserker) Turns: 50777, Time: 02:38:43

Health: -11/233    AC: 34    Str: 32    XL:     27
Magic:  34/34      EV: 24    Int:  8    God:    Trog [*****.]
Gold:   1783       SH:  0    Dex: 21    Spells: 26/26 levels left

rFire    + + +     SeeInvis +   E - +11 glaive of Onnusal {chop, +Inv}
rCold    + + .     Gourm    .   (shield currently unavailable)
rNeg     . . .     Faith    .   H - +6 crystal plate armour {rC+}
rPois    +         Spirit   .   p - +1 hat of the Morning Star {rPois Regen+ Dex-4 Slay+6}
rElec    .         Reflect  .   i - scarf {rC+ rF+}
rCorr    .         Harm     .   (no gloves)
MR       +++..                  I - +1 pair of boots {Fly}
Stlth    ..........             G - amulet of Qacig {Fragile rF+ Regen+ Str+4 Dex+4}
HPRegen  1.28/turn              S - ring of Fojuobes {MR+ Int+4 Dex+3}
MPRegen  0.24/turn              X - ring "Moseir" {rPois rF++ Int-5 SInv Stlth+}

@: mighty, flayed, flying, very slightly contaminated
A: change form in water, swift swim, stealthy swim, subdued magic 1
}: 2/15 runes: decaying, gossamer
a: Berserk, Trog's Hand, Brothers in Arms, Renounce Religion, Evoke
Invisibility, Stop Flying


You were on level 5 of the Vaults.
You worshipped Trog.
Trog was extremely pleased with you.
You were very full.

You visited 8 branches of the dungeon, and saw 44 of its levels.
You visited 1 bazaar.
You also visited: Ice Cave and Volcano.

You collected 6447 gold pieces.
You spent 4664 gold pieces at shops.

Inventory:

Hand Weapons
 E - the +11 glaive of Onnusal (weapon) {chop, +Inv}
   (Trog gifted it to you on level 2 of the Spider Nest)

   It inflicts extra damage upon your enemies.
   It lets you turn invisible.
Missiles
 g - 2 throwing nets {=f, !d}
 v - 6 steel javelins (quivered)
Armour
 i - a scarf of resistance (worn)
   (You found it on level 1 of the Dungeon)
 p - the +1 hat of the Morning Star (worn) {rPois Regen+ Dex-4 Slay+6}
   (You found it on level 4 of the Swamp)

   It affects your dexterity (-4).
   It affects your accuracy and damage with ranged weapons and melee attacks
   (+6).
   It protects you from poison.
   It increases your rate of regeneration.
 H - a +6 crystal plate armour of cold resistance (worn)
   (You found it in an ice cave)
 I - a +1 pair of boots of flying (worn)
   (You found it on level 3 of the Elven Halls)
 J - the +2 pair of gloves of the Constellations {-Tele rElec rCorr Dex+7}
   (You acquired it on level 3 of the Depths)

   It affects your dexterity (+7).
   It insulates you from electricity.
   It prevents most forms of teleportation.
   It protects you from acid and corrosion.
 N - a +2 pair of boots
   (You found it on level 6 of the Lair of Beasts)
Jewellery
 G - the amulet of Qacig (around neck) {Fragile rF+ Regen+ Str+4 Dex+4}
   (You bought it in a shop on level 1 of the Depths)

   [amulet of regeneration]

   It affects your strength (+4).
   It affects your dexterity (+4).
   It protects you from fire.
   It increases your rate of regeneration.
   It will be destroyed if unequipped.
 S - the ring of Fojuobes (left hand) {MR+ Int+4 Dex+3}
   (You found it on level 6 of the Lair of Beasts)

   [ring of intelligence]

   It affects your intelligence (+4).
   It affects your dexterity (+3).
   It affects your resistance to hostile enchantments.
 X - the ring "Moseir" (right hand) {rPois rF++ Int-5 SInv Stlth+}
   (You found it on level 4 of the Vaults)

   [ring of stealth]

   It affects your intelligence (-5).
   It greatly protects you from fire.
   It protects you from poison.
   It lets you see invisible.
   It makes you more stealthy.
Wands
 A - a wand of clouds (16)
   (You found it on level 10 of the Dungeon)
 C - a wand of iceblast (31)
   (You found it on level 8 of the Dungeon)
 D - a wand of acid (22)
   (You found it on level 7 of the Dungeon)
 P - a wand of digging (27)
   (You found it on level 12 of the Dungeon)
 Q - a wand of scattershot (5)
   (You found it on level 3 of the Depths)
Scrolls
 a - 20 scrolls of teleportation
 e - 16 scrolls of identify
 n - 5 scrolls of fog
 o - 10 scrolls of magic mapping {!r}
 t - a scroll of silence
 w - 3 scrolls of immolation {!r}
 L - 4 scrolls of holy word {!r}
 M - 21 scrolls of remove curse
 T - a scroll of fear
 W - 3 scrolls of blinking {!r}
Potions
 b - 3 potions of resistance
 h - 5 potions of ambrosia
 j - 4 potions of lignification {!q}
 k - 7 potions of flight
 l - 7 potions of haste
 r - 5 potions of might
 u - 4 potions of cancellation
 x - 19 potions of curing
 B - 10 potions of mutation {!q}
 F - 9 potions of agility
Miscellaneous
 f - a fan of gales
   (You found it on level 6 of the Lair of Beasts)
 m - a lamp of fire
   (You found it on level 4 of the Spider Nest)
 s - 6 phantom mirrors
 R - 4 sacks of spiders
 Y - 3 boxes of beasts
Comestibles
 c - 53 rations


   Skills:
 + Level 22.7 Fighting
 O Level 27 Polearms
 + Level 16.3 Armour
 + Level 24.4 Dodging
 - Level 10.3 Stealth
 - Level 15.0 Evocations


You had 26 spell levels left.
You didn't know any spells.
Your spell library was empty.

Dungeon Overview and Level Annotations

Branches:
Dungeon (15/15)            Temple (0/1) D:4            Lair (6/6) D:10
  Swamp (4/4) Lair:4       Spider (4/4) Lair:4        Slime (0/5) Lair:6
    Orc (2/2) D:11            Elf (3/3) Orc:2        Vaults (5/5) D:13
  Crypt (0/3) Vaults:3     Depths (5/5) D:15            Zot (0/5) Depths:5

Altars:
Cheibriados
Dithmenos
Gozag
Hepliaklqana
Nemelex Xobeh
Okawaru
Sif Muna
Vehumet
The Shining One
Jiyva

Shops:
D:6 %   D:11 =   Orc:2 (}!*   Vaults:1 *   Depths:1 }=}

Portals:
Hell: Depths:1 Depths:2 Depths:3 Depths:4 Depths:5
Abyss: Depths:4
Pandemonium: Orc:2 Depths:3
Ziggurat: Depths:4
Trove: D:10 (give 18 potions of curing)

Annotations:
Lair:2 exclusion: oklob plant
Depths:3 1 transporter


Innate Abilities, Weirdness & Mutations

You revert to your normal form in water.
You are very nimble and swift while swimming.
You are very stealthy in the water. (Stealth+)
Your spells are a little easier to cast, but a little less powerful.


Message History

Press: ? - help, Dir - move target cursor You are very lightly contaminated with residual magic.
As you read the scroll of blinking {!r}, it crumbles to dust.
The sphinx mumbles some strange words.
Something smites you!
* * * LOW HITPOINT WARNING * * *
The sphinx mumbles some strange words.
You resist with almost no effort.
You feel better.
Unknown command.
Unknown command.
Unknown command.
As you read the scroll of fog, it crumbles to dust.
The scroll dissolves into smoke.
The flayed ghost cries, "Feel what I felt!"
You feel the effects of Trog's Hand fading.
You are confused.
You feel invigorated.
You're too confused!
Your skin stops crawling.
You feel less resistant to hostile enchantments.
The stone giant hits you!!
* * * LOW HITPOINT WARNING * * *
The yaktaur captain shoots a bolt.
The bolt hits you.
* * * LOW HITPOINT WARNING * * *
You see here a bolt.
The stone giant misses you.
Your crystal plate armour prevents you from hitting the stone giant.
A war gargoyle comes into view.
It is wielding a great mace of holy wrath.
You feel less invigorated.
You feel less confused.
The flayed ghost stares at you with tortured malice.
Okay, then.
Unknown command.
Evoke which item? (* to show all) (? for menu, Esc to quit)
You reach into the bag... ...and things crawl out!
The stone giant tears through a web.
The stone giant hits you but does no damage.
The yaktaur captain shoots a bolt.
The bolt hits you.
* * * LOW HITPOINT WARNING * * *
The war gargoyle launches metal splinters at you.
The spray of metal splinters hits your redback.
Your redback dies!
Your redback's corpse disappears in a puff of smoke!
The sphinx hits your tarantella! The sphinx hits your tarantella. x2
Your jumping spider leaps!
Your tarantella bites the sphinx.
Your redback bites the stone giant.
The stone giant looks as sick as possible!
Your redback poisons the stone giant!
Your tarantella bites the sphinx but does no damage.
Your jumping spider barely misses the yaktaur captain. x2
The vault warden completely misses your jumping spider.
The flayed ghost stares at you with tortured malice.
The sphinx barely misses your tarantella.
The sphinx hits your tarantella.
The sphinx barely misses your tarantella.
Your redback bites the stone giant.
The tengu reaver mumbles some strange words.
The tengu reaver conjures a globe of magical energy!
Your jumping spider leaps!
Your tarantella bites the sphinx!
Your jumping spider pounces on the yaktaur captain!
The yaktaur captain is caught in a web!
Your jumping spider bites the yaktaur captain.
A battlesphere comes into view.
Evoke which item? (* to show all) (? for menu, Esc to quit)
You open the lid... ...and a mature oxbat beast flies out!
The stone giant closely misses your tarantella.
The stone giant completely misses you.
The yaktaur captain struggles to get unstuck from the web.
The sphinx barely misses your tarantella. x2
The sphinx hits your tarantella.
Your tarantella dies!
Your tarantella's corpse disappears in a puff of smoke!
The war gargoyle launches metal splinters at you.
The spray of metal splinters misses you.
The vault warden hits your jumping spider with a dire flail!!
Your redback bites the stone giant.
The stone giant looks as sick as possible!
Your redback poisons the stone giant!
The flayed ghost stares at you with tortured malice.
Terrible wounds spread across more of your body!
* * * LOW HITPOINT WARNING * * *
Your jumping spider pounces on the yaktaur captain!
Your jumping spider bites the yaktaur captain.
The tengu reaver gestures at you while chanting.
The bolt of acid misses your redback. The bolt of acid misses you.
A barrage of energy appears from out of your range of vision.
The barrage of energy hits you!
* * * LOW HITPOINT WARNING * * *
Your redback bites the stone giant.
The war gargoyle launches metal splinters at you.
The spray of metal splinters hits you!
* * * LOW HITPOINT WARNING * * *
Your jumping spider leaps!
The vault sentinel blows a loud note on a signal horn!
The sphinx casts a spell.
Something smites you!
You die...

##################..
..........C.@.......
.......§c(s.H......#
####p(W§..#####..#
###§§.o.C.....# #
##§.§.§.H...9..$#
##.§§§§p§Q..$...."#
#..§§§§§§*s.%?$...#
##....§§§§§§..##$§...
##.....§§§§.### (....


You could see a sphinx, 2 stone giants, a vault warden, a tengu reaver, a
yaktaur captain (webbed), an orc knight, a flayed ghost, a war gargoyle, a vault
sentinel, a battlesphere, a friendly mature oxbat beast, a friendly jumping
spider and a friendly redback.

Vanquished Creatures
  A juggernaut (Depths:5)
  An ancient lich (Vaults:5)
  Sojobo (Depths:2)
  A caustic shrike (Depths:5)
  3 golden dragons
  Nikola (Depths:2)
  A bone dragon (Depths:5)
  Jorgrun (Spider:4)
  2 tentacled monstrosities
  3 liches
  A quicksilver dragon (Depths:4)
  A titan (Vaults:5)
  2 deep elf blademasters (Elf:3)
  2 deep elf master archers (Elf:3)
  6 sphinxes
  4 shadow dragons
  2 storm dragons
  7 tengu reavers
  Kirke (D:13)
  4 fire giants
  A nagaraja (Vaults:4)
  5 deep elf sorcerers (Elf:3)
  2 iron dragons (Depths:4)
  11 frost giants
  A draconian scorcher (Depths:5)
  A balrug (Depths:4)
  Aizul (Spider:3)
  8 vault wardens
  2 ghost moths (Spider:4)
  A draconian shifter (Depths:5)
  9 emperor scorpions
  A ghoul (Vaults:3)
  13 ironheart preservers
  A deep elf elementalist (Vaults:4)
  A vampire knight (Depths:5)
  20 very ugly things
  22 stone giants
  5 spriggan defenders (Depths:4)
  A war gargoyle (Vaults:3)
  A reaper (Depths:4)
  2 entropy weavers (Spider:2)
  A black draconian (Depths:5)
  A green draconian (Depths:5)
  A white draconian (Depths:5)
  A yellow draconian (Depths:5)
  9 deep elf demonologists
  2 spark wasps (Spider:4)
  7 deep elf annihilators
  An eidolon (Vaults:3)
  9 deep elf death magi
  A merfolk impaler (Depths:1)
  A merfolk javelineer (Depths:2)
  6 deep elf high priests
  A blizzard demon (Depths:4)
  6 ettins
  18 yaktaur captains
  8 fire dragons
  2 jiangshi (Depths:1)
  43 slime creatures
  17 vault guards
  2 rakshasas
  10 great orbs of eyes
  Erolcha (D:13)
  8 ice dragons
  19 hydras
  2 spriggan air magi
  A two-headed ogre (shapeshifter) (Vaults:3)
  2 ghost crabs
  2 catoblepae
  5 centaur warriors
  64 two-headed ogres
  A merfolk avatar (Lair:6)
  19 ogre magi
  10 alligators
  3 death knights
  4 death scarabs (Spider:4)
  12 deep troll shamans
  7 deep troll earth magi
  17 tengu warriors
  6 death yaks (Lair:6)
  2 hell hogs (Depths:2)
  29 dancing weapons
  A vampire mage (Depths:1)
  10 orc high priests
  5 spriggan berserkers
  A queen ant (Lair:2)
  Urug (Lair:4)
  A shock serpent (shapeshifter) (Vaults:3)
  4 sun demons
  4 soul eaters
  18 deep elf knights
  A spectral emperor scorpion (Spider:4)
  A salamander mystic (Depths:5)
  3 iron trolls (Depths:4)
  5 skeletal warriors
  A sixfirhy (Orc:2)
  A shadow wraith (Vaults:4)
  5 unseen horrors
  A flayed ghost (Vaults:3)
  27 deep trolls
  2 torturous demonspawn (Orc:2)
  4 spriggan druids
  An infernal demonspawn (Orc:2)
  13 swamp dragons
  A sea snake (Lair:6)
  4 wizards
  11 glowing orange brains
  An obsidian statue (Vaults:1)
  22 deep elf archers
  2 quicksilver dragon simulacra (Depths:4)
  A swamp dragon (shapeshifter) (Vaults:4)
  12 ironbrand convokers
  A harpy (D:10)
  A mana viper (shapeshifter) (D:15)
  A wolf spider (shapeshifter) (D:15)
  19 orc knights
  62 deep elf magi
  A necromancer (Vaults:4)
  15 orb spiders
  A lindwurm (Lair:5)
  2 spectral wolf spiders (Spider:4)
  8 orc sorcerers
  37 wolf spiders
  9 cyclopes
  2 manticores
  A shining eye (shapeshifter) (Depths:5)
  20 elephants
  2 salamanders (Depths:5)
  4 moths of wrath
  A moth of wrath (shapeshifter) (Vaults:3)
  42 ugly things
  A black mamba (shapeshifter) (Depths:2)
  Joseph (D:10)
  3 guardian serpents (shapeshifter)
  A black mamba (Lair:1)
  8 rust devils (Depths:4)
  A centaur zombie (D:11)
  11 vault sentinels
  2 orange demons (Depths:3)
  3 ice statues
  5 spectral swamp worms (Depths:1)
  A molten gargoyle (Volcano)
  2 torpor snails
  Maurice (D:10)
  A storm dragon simulacrum (Vaults:2)
  A smoke demon (Orc:2)
  5 rime drakes
  3 spectral redbacks (Spider:4)
  9 komodo dragons
  19 spiny frogs
  A hellion (Depths:3)
  A yaktaur (shapeshifter) (Vaults:3)
  A hellwing (Depths:3)
  12 ice devils
  A redback zombie (Spider:4)
  4 tengu conjurers
  2 efreet (Depths:4)
  51 yaktaurs
  4 red devils
  8 demonic crawlers
  9 freezing wraiths
  A kobold demonologist (D:13)
  28 jumping spiders
  22 hornets
  5 polar bears
  A merfolk (shapeshifter) (Vaults:3)
  10 trolls
  3 meliai (shapeshifter)
  9 hippogriffs
  A wind drake (Lair:6)
  14 blink frogs
  A tengu simulacrum (Vaults:1)
  A sphinx simulacrum (Vaults:2)
  15 tyrant leeches
  A harpy skeleton (D:13)
  3 tarantella zombies (Spider:4)
  3 jumping spider zombies (Spider:4)
  A hippogriff (shapeshifter) (Depths:4)
  A dream sheep (shapeshifter) (Depths:2)
  3 spectral jumping spiders (Spider:4)
  9 bog bodies
  A flying skull (Depths:4)
  8 shadows
  7 spriggans
  A yak (shapeshifter) (Vaults:4)
  2 vampires
  5 wraiths
  68 redbacks
  26 tarantellas
  9 water elementals
  2 air elementals
  4 wyverns
  A hungry ghost (D:12)
  4 fire elementals
  3 hogs (D:13)
  A basilisk (shapeshifter) (Vaults:3)
  A chaos spawn (Orc:2)
  The ghost of kirsanium the Skirmisher, an amateur DsMo (D:4)
  5 fire bats (Volcano)
  A steam dragon (D:11)
  A steam dragon (shapeshifter) (Depths:5)
  24 vampire mosquitoes
  55 yaks
  4 basilisks
  A neqoxec (Orc:2)
  5 wargs
  13 swamp worms
  An acid dragon (shapeshifter) (D:15)
  9 insubstantial wisps
  2 acid dragons
  13 water moccasins
  12 soldier ants (Lair:2)
  12 hell hounds
  14 porcupines
  A floating eye (Depths:5)
  46 orc warriors
  A spectral hornet (Spider:4)
  9 swamp drakes
  A sky beast (shapeshifter) (D:14)
  An eye of draining (shapeshifter) (D:15)
  3 hornet zombies
  An eye of draining (D:13)
  2 sky beasts
  5 ice beasts
  54 ogres
  3 ettin simulacra (Depths:4)
  2 necrophages (D:8)
  A tengu (shapeshifter) (D:14)
  6 boggarts
  A boggart (shapeshifter) (Vaults:4)
  14 wolves
  14 crocodiles
  19 centaurs
  6 big kobolds
  A gnoll sergeant (D:9)
  2 earth elementals (Elf:3)
  11 bullfrogs
  A water moccasin skeleton (D:5)
  8 killer bees
  3 electric eels
  4 howler monkeys
  5 wights (D:6)
  6 crimson imps
  5 lava snakes (Volcano)
  A quasit (D:10)
  2 bullfrog zombies
  3 centaur skeletons
  11 hounds
  28 orc priests
  3 jellies
  2 iguanas
  22 orc wizards
  38 worker ants
  3 hound skeletons
  A worker ant zombie (D:10)
  A howler monkey zombie (D:8)
  8 gnolls
  11 adders
  5 shadow imps
  7 white imps (IceCv)
  10 ufetubi (IceCv)
  2 oozes
  An adder zombie (D:6)
  2 adder skeletons
  3 worms
  5 dart slugs
  7 leopard geckos
  102 orcs
  3 ball pythons
  4 bats
  3 giant cockroaches
  9 goblins
  7 hobgoblins
  6 jackals (D:6)
  8 quokkas
  8 frilled lizards
  A jackal zombie (D:7)
  36 kobolds
  6 rats
  3 crawling corpses
  A plant (Lair:5)
2137 creatures vanquished.

Vanquished Creatures (collateral kills)
  A tentacled monstrosity (Vaults:4)
  2 titans
  A tengu reaver (Vaults:4)
  A storm dragon (Depths:4)
  A frost giant (Depths:4)
  A vault warden (Vaults:4)
  An ironheart preserver (Vaults:4)
  A yaktaur captain (Vaults:4)
  2 vault guards (Vaults:2)
  3 hydras
  4 death scarabs (Spider:4)
  A two-headed ogre (Vaults:2)
  3 tengu warriors (Depths:4)
  A spriggan berserker (Depths:4)
  Sonja (Lair:4)
  A deep troll (Vaults:5)
  A glowing orange brain (Depths:4)
  A spectral wolf spider (Spider:4)
  2 ugly things (Vaults:2)
  5 yaktaurs (Vaults:2)
  A redback zombie (Spider:4)
  A tengu conjurer (Depths:4)
  A jumping spider (Spider:4)
  A spectral jumping spider (Spider:4)
  2 spectral tarantellas (Spider:4)
  A spectral hornet (Spider:4)
  An ettin simulacrum (Depths:4)
  2 hornet zombies (Spider:4)
  A crocodile (Lair:4)
  2 killer bees (D:10)
  An iguana (Lair:4)
48 creatures vanquished.

Vanquished Creatures (others)
  A shadow dragon (Vaults:4)
  A reaper (IceCv)
  Nessos (Orc:2)
  A jiangshi (Depths:1)
  A hell hog (Depths:2)
  A deep elf mage (Elf:1)
  A spiny frog (Swamp:1)
  A jumping spider (Spider:1)
  A blink frog (Swamp:3)
  A water elemental (Depths:1)
  A boggart (Depths:1)
  2 ufetubi (IceCv)
  An orc (Vaults:5)
  A crawling corpse (Elf:3)
  12 fungi
  26 plants
53 creatures vanquished.

Grand Total: 2238 creatures vanquished

Notes
Turn   | Place    | Note
-------+----------+-------------------------------------------
     0 | D:1      | Mgcat the Merfolk Berserker began the quest for the Orb.
     0 | D:1      | Reached XP level 1. HP: 18/18 MP: 1/1
    54 | D:1      | Reached skill level 5 in Polearms
   157 | D:1      | Reached XP level 2. HP: 24/24 MP: 2/2
   338 | D:1      | Reached skill level 6 in Polearms
   338 | D:1      | Reached XP level 3. HP: 18/29 MP: 3/3
   559 | D:1      | Reached ** piety under Trog
   990 | D:2      | Reached XP level 4. HP: 29/35 MP: 4/4
  1065 | D:2      | Reached skill level 7 in Polearms
  1979 | D:2      | Reached skill level 8 in Polearms
  2092 | D:3      | Reached XP level 5. HP: 41/41 MP: 5/5
  2239 | D:3      | Reached skill level 9 in Polearms
  2296 | D:3      | Reached *** piety under Trog
  2774 | D:3      | Reached XP level 6. HP: 35/47 MP: 6/6
  2956 | D:4      | Reached skill level 10 in Polearms
  2966 | D:4      | HP: 17/70 [worker ant (1)]
  2971 | D:3      | HP: 15/70 [poisoned by a worker ant]
  2976 | D:3      | HP: 8/47 [poisoned by a worker ant]
  2981 | D:3      | HP: 5/47 [poisoned by a worker ant]
  2988 | D:3      | HP: 3/47 [poisoned by a worker ant]
  2993 | D:3      | HP: 3/47 [poisoned by a worker ant]
  3303 | D:4      | Found an iron altar of Okawaru.
  3354 | D:4      | Found a staircase to the Ecumenical Temple.
  3387 | D:4      | Found an opulent altar of Gozag.
  3864 | D:4      | Noticed kirsanium's ghost (amateur DsMo)
  3871 | D:4      | Reached XP level 7. HP: 52/52 MP: 7/7
  3897 | D:4      | HP: 13/52 [kirsanium's ghost (6)]
  3905 | D:4      | Killed kirsanium's ghost
  3905 | D:4      | Reached skill level 11 in Polearms
  4159 | D:5      | Entered Level 5 of the Dungeon
  4187 | D:5      | Reached skill level 12 in Polearms
  4471 | D:5      | Reached XP level 8. HP: 44/58 MP: 8/8
  5003 | D:6      | Found Kuasior's Food Shoppe.
  5039 | D:6      | Reached skill level 13 in Polearms
  5382 | D:6      | Reached skill level 14 in Polearms
  5438 | D:6      | Reached skill level 4 in Fighting
  5443 | D:6      | Reached **** piety under Trog
  5795 | D:6      | Reached skill level 5 in Fighting
  6039 | D:7      | You fall through a shaft for 2 floors!
  6051 | D:9      | Noticed a two-headed ogre
  6062 | D:9      | Killed a two-headed ogre
  6062 | D:9      | Reached skill level 4 in Armour
  6062 | D:9      | Reached XP level 9. HP: 68/68 MP: 9/9
  6112 | D:9      | Found a snail-covered altar of Cheibriados.
  6228 | D:9      | Reached skill level 5 in Armour
  6288 | D:9      | Reached skill level 3 in Dodging
  6358 | D:9      | Reached skill level 4 in Dodging
  6412 | D:9      | Found an iron altar of Okawaru.
  6456 | D:9      | Noticed a troll
  6466 | D:9      | Killed a troll
  6466 | D:9      | Reached skill level 5 in Dodging
  6734 | D:9      | Noticed a hornet
  6739 | D:9      | Killed a hornet
  6739 | D:9      | Reached skill level 6 in Fighting
  6915 | D:8      | Reached skill level 7 in Fighting
  6915 | D:8      | Reached XP level 10. HP: 70/79 MP: 10/10
  7102 | D:8      | Found a deep blue altar of Sif Muna.
  7139 | D:8      | Noticed a white ugly thing
  7143 | D:8      | Killed a white ugly thing
  7143 | D:8      | Reached skill level 8 in Fighting
  7280 | D:8      | Noticed a two-headed ogre
  7288 | D:8      | Killed a two-headed ogre
  7288 | D:8      | Reached skill level 9 in Fighting
  7479 | D:8      | Reached skill level 10 in Fighting
  7672 | D:7      | Reached skill level 1 in Stealth
  7774 | D:7      | Reached skill level 2 in Stealth
  7792 | D:7      | Reached ***** piety under Trog
  7978 | D:7      | Reached skill level 3 in Stealth
  8015 | D:7      | Reached skill level 4 in Stealth
  8285 | D:10     | Entered Level 10 of the Dungeon
  8334 | D:10     | Reached skill level 5 in Stealth
  8534 | D:10     | Found a staircase to the Lair.
  8558 | D:10     | Reached skill level 6 in Stealth
  8665 | D:10     | Noticed Joseph
  8686 | D:10     | Killed Joseph
  8686 | D:10     | Reached skill level 7 in Stealth
  8731 | D:10     | Found a sparkling altar of Nemelex Xobeh.
  8801 | D:10     | Noticed Maurice
  8811 | D:10     | Killed Maurice
  8811 | D:10     | Reached XP level 11. HP: 89/89 MP: 11/11
  8875 | D:10     | Reached skill level 8 in Stealth
  9085 | D:10     | Reached skill level 9 in Stealth
  9088 | D:10     | HP: 25/133 [slime creature (12)]
  9336 | D:10     | Found a portal to a secret trove of treasure.
  9661 | D:10     | Noticed a vault guard
  9677 | D:10     | Killed a vault guard
  9677 | D:10     | Reached skill level 10 in Stealth
  9775 | D:10     | Noticed a brown ugly thing
  9775 | D:10     | Noticed a skeletal warrior
  9785 | D:10     | Killed a skeletal warrior
  9797 | D:10     | Killed a brown ugly thing
  9828 | D:10     | Reached skill level 15 in Polearms
 10068 | D:10     | Killed an unseen horror
 10115 | D:10     | Noticed a harpy
 10115 | D:10     | Noticed an ettin
 10134 | D:10     | Killed an ettin
 10135 | D:10     | Killed a harpy
 10371 | D:11     | Noticed a green ugly thing
 10393 | D:11     | Killed a green ugly thing
 10393 | D:11     | Reached skill level 16 in Polearms
 10524 | D:11     | Noticed a fire dragon
 10546 | D:11     | Killed a fire dragon
 10575 | D:11     | Reached XP level 12. HP: 52/96 MP: 12/12
 10585 | D:11     | Reached skill level 17 in Polearms
 10855 | D:11     | Found a staircase to the Orcish Mines.
 10947 | D:11     | Found Tezxute's Jewellery Emporium.
 10984 | D:11     | Noticed a two-headed ogre
 10992 | D:11     | Killed a two-headed ogre
 11142 | D:11     | Noticed a two-headed ogre
 11148 | D:11     | Killed a two-headed ogre
 11148 | D:11     | Reached skill level 18 in Polearms
 11508 | D:11     | Noticed a two-headed ogre
 11515 | D:11     | Killed a two-headed ogre
 11530 | D:11     | Reached skill level 19 in Polearms
 11917 | Lair:1   | Entered Level 1 of the Lair of Beasts
 12147 | Lair:1   | Received a gift from Trog
 12148 | Lair:1   | Found the +8 glaive of the Guard {elec, +Rage AC+5 SInv}
 12373 | Lair:1   | Noticed an eight-headed hydra
 12380 | Lair:1   | Killed an 11-headed hydra
 12380 | Lair:1   | Reached skill level 20 in Polearms
 12699 | Lair:2   | Reached skill level 6 in Dodging
 12761 | Lair:2   | Noticed a queen ant
 12774 | Lair:2   | Killed a queen ant
 12775 | Lair:2   | Reached XP level 13. HP: 89/102 MP: 13/13
 13017 | Lair:2   | Reached skill level 7 in Dodging
 13571 | Lair:3   | Received a gift from Trog
 13613 | Lair:3   | Reached skill level 6 in Armour
 13631 | Lair:3   | Reached skill level 8 in Dodging
 13635 | Lair:3   | Reached skill level 11 in Fighting
 13639 | Lair:3   | HP: 33/157 [spiny frog (19)]
 13644 | Lair:3   | HP: 28/157 [poisoned by a spiny frog]
 13648 | Lair:2   | HP: 13/105 [poisoned by a spiny frog]
 14564 | Lair:3   | Identified a scroll of acquirement
 14565 | Lair:3   | Found the +0 Maxwell's etheric cage {RegenMP+ *Contam rElec MP+4}
 14627 | Lair:4   | Noticed Urug
 14636 | Lair:4   | Killed Urug
 14636 | Lair:4   | Reached skill level 9 in Dodging
 14669 | Lair:4   | Found a frozen archway.
 14687 | IceCv    | Entered an ice cave
 14763 | IceCv    | Reached skill level 21 in Polearms
 14865 | IceCv    | HP: 25/106 [ice devil (3)]
 14873 | IceCv    | Killed a reaper
 15146 | IceCv    | Reached XP level 14. HP: 72/114 MP: 14/14
 15419 | Lair:4   | Found a hole to the Spider Nest.
 15628 | Lair:4   | Reached skill level 7 in Armour
 15767 | Lair:4   | Found a staircase to the Swamp.
 15780 | Lair:4   | Reached skill level 10 in Dodging
 15786 | Lair:4   | Noticed Sonja
 15793 | Lair:4   | Killed Sonja
 16301 | Lair:5   | Reached ****** piety under Trog
 16301 | Lair:5   | Reached skill level 12 in Fighting
 16957 | Lair:6   | Entered Level 6 of the Lair of Beasts
 17067 | Lair:6   | Reached skill level 11 in Dodging
 17481 | Lair:6   | Reached skill level 8 in Armour
 17500 | Lair:6   | Got a pitted jade ring
 17517 | Lair:6   | Identified the ring of Fojuobes {MR+ Int+4 Dex+3} (You found it on level 6 of the Lair of Beasts)
 17589 | Lair:6   | Received a gift from Trog
 17589 | Lair:6   | Reached XP level 15. HP: 122/122 MP: 15/15
 17596 | Lair:6   | Reached skill level 22 in Polearms
 17606 | Lair:6   | Reached skill level 13 in Fighting
 17706 | Lair:6   | Found a staircase to the Slime Pits.
 17819 | Lair:6   | Found a viscous altar of Jiyva.
 18092 | Orc:1    | Entered Level 1 of the Orcish Mines
 18272 | Orc:1    | Reached skill level 12 in Dodging
 18797 | Orc:2    | Entered Level 2 of the Orcish Mines
 18815 | Orc:2    | Found a dark tunnel.
 18874 | Volcano  | Entered a volcano
 19089 | Volcano  | Found a bloodstained altar of Trog.
 19225 | Orc:2    | Received a gift from Trog
 19466 | Orc:2    | Found Isikhloe's Distillery.
 19467 | Orc:2    | Found Vieczoge's General Store.
 19570 | Orc:2    | Noticed Nessos
 19606 | Orc:2    | Killed Nessos
 19749 | Orc:2    | Received a gift from Trog
 19970 | Orc:2    | Found a staircase to the Elven Halls.
 20222 | Orc:2    | Reached skill level 13 in Dodging
 20226 | Orc:2    | Reached skill level 9 in Armour
 20310 | Orc:2    | Found Sacen's Gadget Shoppe.
 20310 | Orc:2    | Found a one-way gate leading to the halls of Pandemonium.
 20310 | Orc:2    | Found Piarroax's Antique Weapon Emporium.
 20359 | Orc:2    | Bought a potion of curing for 45 gold pieces
 20359 | Orc:2    | Bought a potion of curing for 45 gold pieces
 20359 | Orc:2    | Bought a potion of curing for 45 gold pieces
 20359 | Orc:2    | Bought a potion of heal wounds for 75 gold pieces
 20359 | Orc:2    | Bought a potion of agility for 60 gold pieces
 20359 | Orc:2    | Bought a potion of agility for 60 gold pieces
 20359 | Orc:2    | Bought a potion of agility for 60 gold pieces
 20359 | Orc:2    | Bought a potion of curing for 45 gold pieces
 20359 | Orc:2    | Bought 2 potions of curing for 90 gold pieces
 20359 | Orc:2    | Bought a potion of mutation for 120 gold pieces
 20361 | Orc:2    | Bought a potion of heal wounds for 50 gold pieces
 20361 | Orc:2    | Bought a scroll of holy word for 75 gold pieces
 20996 | D:12     | Received a gift from Trog
 21265 | D:13     | Reached skill level 14 in Fighting
 21285 | D:13     | Reached XP level 16. HP: 133/133 MP: 16/16
 21340 | D:13     | Noticed Erolcha
 21347 | D:13     | Killed Erolcha
 21825 | D:13     | Noticed Kirke
 21831 | D:13     | Reached skill level 23 in Polearms
 21837 | D:13     | Killed Kirke
 21988 | D:13     | Found a gate to the Vaults.
 22087 | D:14     | Received a gift from Trog
 22152 | D:14     | Found a shadowy altar of Dithmenos.
 22171 | D:14     | Reached skill level 14 in Dodging
 22754 | D:15     | Entered Level 15 of the Dungeon
 22979 | D:15     | Got a transparent cloak
 22990 | D:15     | Identified the cursed +0 cloak of Dishonesty {*Slow +Inv rN+ MR++} (You found it on level 15 of the Dungeon)
 23559 | D:15     | Received a gift from Trog
 23571 | D:15     | Got a warped glaive {god gift}
 23650 | D:15     | Found a staircase to the Depths.
 23703 | D:15     | Identified the +6 glaive "Juskusu" {drain, *Rage +Blink rPois SInv} (Trog gifted it to you on level 15 of the Dungeon)
 23953 | Swamp:1  | Entered Level 1 of the Swamp
 23962 | Swamp:1  | Reached skill level 1 in Evocations
 23989 | Lair:4   | Reached skill level 2 in Evocations
 24239 | Lair:4   | Reached skill level 3 in Evocations
 24245 | Lair:4   | HP: 33/134 [poisoned by a spiny frog]
 24654 | Swamp:1  | Reached skill level 4 in Evocations
 24858 | Swamp:1  | Reached skill level 5 in Evocations
 25294 | Swamp:2  | Reached skill level 6 in Evocations
 25340 | Swamp:2  | Reached XP level 17. HP: 140/140 MP: 21/21
 25435 | Swamp:2  | Received a gift from Trog
 25453 | Swamp:2  | Reached skill level 7 in Evocations
 25666 | Swamp:2  | Got a twisted plate armour
 26026 | Swamp:2  | Identified the +7 plate armour "Ohaynk" {rF++ MP-9 Str+4} (You found it on level 2 of the Swamp)
 26173 | Swamp:3  | Reached skill level 8 in Evocations
 26398 | Swamp:3  | Reached skill level 9 in Evocations
 26415 | Swamp:3  | HP: 34/140 [poison (poison gas)]
 26420 | Swamp:3  | HP: 29/140 [poison (poison gas)]
 26426 | Swamp:3  | HP: 25/140 [poison (poison gas)]
 26431 | Swamp:3  | HP: 23/140 [poison (poison gas)]
 26437 | Swamp:3  | HP: 22/140 [poison (poison gas)]
 26443 | Swamp:3  | HP: 22/140 [poison (poison gas)]
 26451 | Swamp:3  | HP: 22/140 [poison (poison gas)]
 27107 | Swamp:4  | Entered Level 4 of the Swamp
 27358 | Swamp:4  | HP: 35/140 [poison (poison gas)]
 27363 | Swamp:4  | HP: 26/140 [poison (poison gas)]
 27368 | Swamp:4  | HP: 20/140 [poison (poison gas)]
 27373 | Swamp:4  | HP: 16/140 [poison (poison gas)]
 27378 | Swamp:4  | HP: 14/140 [poison (poison gas)]
 27384 | Swamp:4  | HP: 13/140 [poison (poison gas)]
 27390 | Swamp:4  | HP: 13/140 [poison (poison gas)]
 27398 | Swamp:4  | HP: 14/140 [poison (poison gas)]
 27449 | Swamp:4  | HP: 33/140 [four-headed hydra (3)]
 27732 | Swamp:4  | Reached skill level 10 in Evocations
 27805 | Swamp:4  | Reached skill level 10 in Armour
 28081 | Swamp:4  | HP: 35/140 [seven-headed hydra (7)]
 28121 | Swamp:3  | Received a gift from Trog
 28124 | Swamp:3  | Got a jewelled glaive {god gift}
 28297 | Swamp:3  | Identified the +4 glaive "Qefe" {holy, +Inv rC+ Str+4 Dex-4} (Trog gifted it to you on level 3 of the Swamp)
 28753 | Swamp:4  | Reached skill level 15 in Fighting
 28845 | Swamp:4  | Got a jewelled hat
 28856 | Swamp:4  | Identified the +1 hat of the Morning Star {rPois Regen+ Dex-4 Slay+6} (You found it on level 4 of the Swamp)
 29029 | Swamp:4  | Reached skill level 15 in Dodging
 29061 | Swamp:4  | Got a decaying rune of Zot
 29259 | Spider:1 | Entered Level 1 of the Spider Nest
 29515 | Spider:1 | Received a gift from Trog
 29517 | Spider:1 | Reached XP level 18. HP: 134/149 MP: 25/25
 30309 | Spider:2 | Reached skill level 24 in Polearms
 30592 | Spider:2 | Received a gift from Trog
 30598 | Spider:2 | Got a smoking glaive {god gift}
 30859 | Spider:2 | Identified the +11 glaive of Onnusal {chop, +Inv} (Trog gifted it to you on level 2 of the Spider Nest)
 31073 | Spider:3 | Reached skill level 11 in Evocations
 31632 | Spider:3 | Noticed Aizul
 31639 | Spider:3 | Killed Aizul
 32057 | Spider:4 | Entered Level 4 of the Spider Nest
 32067 | Spider:4 | Noticed Jorgrun
 32247 | Spider:4 | Killed Jorgrun
 32396 | Spider:4 | Reached skill level 16 in Dodging
 32797 | Spider:4 | Reached skill level 11 in Armour
 32844 | Spider:4 | HP: 37/151 [spark wasp (16)]
 32866 | Spider:4 | Reached skill level 16 in Fighting
 33072 | Spider:4 | Reached XP level 19. HP: 150/157 MP: 0/27
 33085 | Spider:4 | Received a gift from Trog
 33542 | Spider:4 | Got a gossamer rune of Zot
 34021 | D:11     | Bought the ring "Bank" {*Slow rElec rPois Slay+5 Stlth+} for 2099 gold pieces
 34113 | Vaults:1 | Entered Level 1 of the Vaults
 34294 | Vaults:1 | Reached skill level 12 in Evocations
 34454 | Vaults:1 | Received a gift from Trog
 34610 | Vaults:1 | Found Beolival's Assorted Antiques.
 34626 | Vaults:1 | Bought a scroll of magic mapping for 108 gold pieces
 34867 | Vaults:1 | Reached skill level 17 in Dodging
 35494 | Vaults:2 | Received a gift from Trog
 35508 | Vaults:2 | Reached skill level 25 in Polearms
 35757 | Vaults:2 | HP: 35/159 [stone giant/large rock (34)]
 35988 | Vaults:2 | Reached XP level 20. HP: 163/167 MP: 29/29
 36302 | Vaults:2 | Received a gift from Trog
 36345 | Vaults:2 | Reached skill level 17 in Fighting
 36568 | Vaults:2 | Reached skill level 13 in Evocations
 36829 | Vaults:3 | Reached skill level 12 in Armour
 37055 | Vaults:3 | Reached skill level 18 in Dodging
 37114 | Vaults:3 | Found a staircase to the Crypt.
 37395 | Vaults:3 | Received a gift from Trog
 37737 | Vaults:3 | Reached XP level 21. HP: 169/175 MP: 31/31
 37809 | Vaults:3 | Received a gift from Trog
 38354 | Vaults:4 | Reached skill level 26 in Polearms
 38422 | Vaults:4 | Reached skill level 14 in Evocations
 38610 | Vaults:4 | Received a gift from Trog
 38623 | Vaults:4 | Reached skill level 18 in Fighting
 38626 | Vaults:4 | Reached skill level 19 in Dodging
 38632 | Vaults:4 | HP: 43/177 [vault warden/great mace of protection (9)]
 38654 | Vaults:4 | Found a flickering gateway to a bazaar.
 38667 | Bazaar   | Entered a bazaar
 38680 | Bazaar   | Found Jinakh's Antique Weapon Shop.
 38694 | Bazaar   | Found Timpaluro's Jewellery Emporium.
 38706 | Bazaar   | Found Doust's Magic Scroll Shoppe.
 38719 | Bazaar   | Found Lirphy's Antique Armour Emporium.
 38741 | Bazaar   | Bought a scroll of summoning for 85 gold pieces
 38741 | Bazaar   | Bought a scroll of summoning for 85 gold pieces
 38741 | Bazaar   | Bought a scroll of blinking for 67 gold pieces
 38884 | Vaults:4 | Paralysed by a hornet for 3 turns
 38937 | Vaults:4 | Got a bound amber ring
 38938 | Vaults:4 | Identified the ring of Satyriasis {rCorr *Corrode rF+ Str+2} (You found it on level 4 of the Vaults)
 38941 | Vaults:4 | Reached XP level 22. HP: 163/184 MP: 32/32
 39010 | Vaults:4 | HP: 43/184 [orc knight/glaive of chopping (11)]
 39015 | Vaults:4 | HP: 28/184 [poisoned by a wolf spider]
 39226 | Vaults:4 | Got a clouded turquoise ring
 39227 | Vaults:4 | Identified the ring "Moseir" {rPois rF++ Int-5 SInv Stlth+} (You found it on level 4 of the Vaults)
 39458 | Vaults:4 | Received a gift from Trog
 39486 | Vaults:4 | Got a steaming glaive {god gift}
 39487 | Vaults:4 | Identified the +6 glaive "Edwopn" {flame, rC+} (Trog gifted it to you on level 4 of the Vaults)
 39968 | Vaults:4 | Reached skill level 13 in Armour
 39970 | Vaults:4 | HP: 66/277 [vault warden/uncursed great mace of protection (17)]
 39975 | Vaults:4 | HP: 49/277 [shadow dragon (1)]
 39980 | Vaults:4 | Reached XP level 23. HP: 54/191 MP: 33/33
 39985 | Vaults:4 | HP: 54/286 [ogre mage/bolt of cold[an ironheart preserver] (4)]
 39988 | Vaults:4 | Reached skill level 27 in Polearms
 39993 | Vaults:4 | HP: 44/286 [deep troll (14)]
 40156 | Vaults:4 | Got a pitted scythe
 40191 | Vaults:4 | Identified the +3 scythe of Inconvenience {venom, rC+ Dex+4} (You found it on level 4 of the Vaults)
 40543 | Depths:1 | Entered Level 1 of the Depths
 40767 | Vaults:1 | Bought a dented fluorescent amulet for 155 gold pieces
 41105 | Depths:1 | Received a gift from Trog
 41212 | Depths:1 | Found a gateway to Hell.
 41530 | Depths:1 | Found Jasoaxy's Gadget Boutique.
 41531 | Depths:1 | Found Ypiptel's Jewellery Emporium.
 41532 | Depths:1 | Found Vaisor Wuwna's Gadget Boutique.
 41551 | Depths:1 | Bought the amulet of Qacig {Fragile rF+ Regen+ Str+4 Dex+4} for 1159 gold pieces
 41556 | Depths:1 | Bought a cursed ring of teleportation for 94 gold pieces
 41556 | Depths:1 | Bought a cursed amulet of inaccuracy for 42 gold pieces
 41902 | Depths:2 | Noticed a golden dragon
 41915 | Depths:2 | Killed a golden dragon
 41953 | Depths:2 | Reached skill level 15 in Evocations
 41974 | Depths:2 | Reached skill level 20 in Dodging
 42142 | Depths:2 | Noticed Sojobo
 42150 | Depths:2 | Killed Sojobo
 42160 | Depths:2 | HP: 48/192 [tengu reaver/long sword of electrocution[Sojobo] (19)]
 42279 | Depths:2 | Received a gift from Trog
 42284 | Depths:2 | Got a ripped robe
 42454 | Depths:2 | Noticed Nikola
 42465 | Depths:2 | Reached skill level 19 in Fighting
 42483 | Depths:2 | Killed Nikola
 42981 | Depths:3 | Got a pair of distressingly furry gloves
 42997 | Depths:3 | Identified the +2 pair of gloves of the Constellations {-Tele rElec rCorr Dex+7} (You acquired it on level 3 of the Depths)
 43027 | Depths:3 | Found a transporter.
 43065 | Depths:3 | Received a gift from Trog
 43136 | Depths:3 | Found a radiant altar of Vehumet.
 43140 | Depths:3 | Got a crystal glaive {god gift}
 43143 | Depths:3 | Identified the +2 glaive of Fot Qoa {antimagic, *Drain Int+3 Dex+4} (Trog gifted it to you on level 3 of the Depths)
 43311 | Depths:3 | Reached XP level 24. HP: 202/202 MP: 34/34
 43521 | Depths:3 | Reached skill level 14 in Armour
 43643 | Depths:3 | Reached skill level 21 in Dodging
 44485 | Depths:4 | HP: 48/203 [deep elf high priest/a malign offering (30)]
 44798 | Depths:4 | Found a radiant altar of Vehumet.
 44831 | Depths:4 | Reached skill level 20 in Fighting
 44831 | Depths:4 | Reached XP level 25. HP: 212/212 MP: 34/34
 44842 | Depths:4 | Found a snail-covered altar of Cheibriados.
 44843 | Depths:4 | Found a gateway to a ziggurat.
 44893 | Depths:4 | Found a hazy altar of Hepliaklqana.
 45354 | Depths:4 | Received a gift from Trog
 45413 | Depths:4 | Reached skill level 22 in Dodging
 45589 | Depths:4 | Found a glowing golden altar of the Shining One.
 45611 | Depths:4 | Found a one-way gate to the infinite horrors of the Abyss.
 45843 | Depths:5 | Entered Level 5 of the Depths
 45863 | Depths:5 | Reached skill level 21 in Fighting
 46014 | Depths:5 | Reached XP level 26. HP: 206/222 MP: 34/34
 46018 | Depths:5 | Received a gift from Trog
 46133 | Depths:5 | Reached skill level 15 in Armour
 46486 | Depths:5 | Noticed a juggernaut
 46495 | Depths:5 | Killed a juggernaut
 46529 | Depths:5 | Received a gift from Trog
 46529 | Depths:5 | Reached skill level 23 in Dodging
 46852 | Depths:5 | Found a gate to the Realm of Zot.
 47168 | Elf:1    | Entered Level 1 of the Elven Halls
 47709 | Elf:1    | Identified the Disquisition on Attacks
 47916 | Elf:1    | Received a gift from Trog
 47919 | Elf:1    | Got a transparent halberd {god gift}
 47999 | Elf:1    | Identified the Catalogue of Bewitchment
 48007 | Elf:1    | Got a sparkling platinum ring
 48022 | Elf:1    | Identified the ring of Wu Jian's Generosity {+Fly rF+ Int-3 Dex+2} (You found it on level 1 of the Elven Halls)
 48535 | Elf:2    | Reached skill level 22 in Fighting
 48635 | Elf:2    | Found a runed gate.
 48638 | Elf:2    | Found a runed gate.
 48638 | Elf:2    | Found a runed gate.
 48944 | Elf:2    | Received a gift from Trog
 49166 | Elf:3    | Entered Level 3 of the Elven Halls
 49895 | Elf:3    | Reached XP level 27. HP: 121/231 MP: 34/34
 50018 | Elf:3    | Reached skill level 16 in Armour
 50041 | Elf:3    | Gained mutation: Your spells are a little easier to cast, but a little less powerful. [a neqoxec]
 50046 | Elf:3    | Reached skill level 24 in Dodging
 50063 | Elf:3    | Received a gift from Trog
 50089 | Elf:3    | Got a sparkling golden ring
 50108 | Elf:3    | Identified the ring of the Queen {MR+ Dex+3} (You took it off a deep elf master archer on level 3 of the Elven Halls)
 50124 | Elf:3    | Got a vibrating brass ring
 50131 | Elf:3    | Got an ancient tin ring
 50257 | Elf:3    | Identified the ring of Yesterday {*Slow rPois rF+ Dex+2 Stlth+} (You took it off a deep elf demonologist on level 3 of the Elven Halls)
 50259 | Elf:3    | Identified the ring of Wonder {rPois rN++ Int+7} (You took it off a deep elf annihilator on level 3 of the Elven Halls)
 50274 | Elf:3    | Got a faintly humming ring mail
 50687 | Vaults:5 | Entered Level 5 of the Vaults
 50726 | Vaults:5 | Paralysed by a floating eye for 2 turns
 50735 | Vaults:5 | Noticed an ancient lich
 50740 | Vaults:5 | Killed an ancient lich
 50746 | Vaults:5 | HP: 46/233 [flayed ghost/flay_damage (25)]
 50752 | Vaults:5 | HP: 33/233 [flayed ghost/flay_damage (23)]
 50757 | Vaults:5 | HP: 19/233 [orc knight/great sword of holy wrath (8)]
 50759 | Vaults:5 | HP: 5/233 [sphinx/divine providence (10)]
 50768 | Vaults:5 | HP: 30/233 [stone giant (20)]
 50773 | Vaults:5 | HP: 40/233 [yaktaur captain/bolt (5)]
 50777 | Vaults:5 | HP: 2/233 [war gargoyle/spray of metal splinters (31)]
 50777 | Vaults:5 | Killed from afar by a sphinx

Vault maps used:
D:1:      lemuel_arrival_hallway
D:2:      first_ration
D:3:      corexii_shack
D:4:      grunt_gozag_statues, minmay_temple_entry_poolview, okawaru_trees_1
D:6:      serial_shops, kennysheep_mini, skrybe_limestone_x
D:7:      grunt_ogre_cave
D:8:      lemuel_crystal_altar, kennysheep_generic_room_10
D:9:      grunt_temple_overflow_open
D:10:     minmay_shrinking_squares, minmay_lair_entry_grove, enter_trove_5,
          st_stairs_12, nemelex_altar_shiori, uniq_maurice, uniq_joseph
D:11:     hiddenorc1_lemuel, serial_shops, shop, st_stairs_7
D:13:     david_vaults_4, uniq_erolcha, uniq_kirke
D:14:     moated_statue, grunt_dithmenos_smoke
D:15:     gammafunk_enter_depths_forms, serial_bayou_lagoon_a,
          patterned_corridor
Lair:1:   grunt_megastairs_3
Lair:2:   zaba_anthell, grunt_megastairs_2
Lair:3:   minivault_19, beast_lair_carwin_11, grunt_megastairs_4
Lair:4:   minmay_swamp_entry_reptiles, spider_nest_entry_webs,
          portal_ice_cave_rime, uniq_sonja, uniq_urug
Lair:6:   gammafunk_lair_ancient_temple, slime_altar_1
Swamp:1:  evilmike_swamp_ruin_house_1, swamp_pool1
Swamp:2:  evilmike_swamp_ruin_rubble_1
Swamp:3:  evilmike_swamp_ruin_house_3, infiniplex_staircase_pool
Swamp:4:  swamp_alternative
Spider:1: nicolae_spider_circle_web, spider_trap, guppyfry_spider_mini_1
Spider:2: spider_trap
Spider:3: uniq_aizul
Spider:4: floodkiller_spider_rune_tomb, nicolae_spider_webs_and_nodes,
          uniq_jorgrun
Orc:1:    minmay_goldmine, guppyfry_library_mini
Orc:2:    pf_orc_diabolical, nicolae_volcano_entry_hallway, uniq_nessos
Elf:1:    minmay_the_grid_triangle_9x9_rhombus_full, minmay_elf_annihilation,
          grunt_ministairs_4
Elf:2:    hangedman_elf_targetted_burst, minmay_misc_feat_ornament,
          basic_stair_grate_trap
Elf:3:    elf_hall_gauntlet_narrow
Vaults:1: v_misc_1, nicolae_vaults_little_squares_6,
          nicolae_vaults_statue_guard, v_pattern_3, grunt_vaults_diagonal,
          vaults_room_semicircle, nicolae_vaults_mini_display_case,
          vaults_room_octagon, ontoclasm_vaults_ligature,
          nicolae_vaults_windows_and_doors_thing, ontoclasm_vaults_eye,
          ontoclasm_vaults_claustrophobia, nicolae_vaults_what_the_h,
          ontoclasm_vaults_hangar, serial_shops, shop
Vaults:2: grunt_vaults_funnel, v_pattern_5, ontoclasm_vaults_ring_small,
          ontoclasm_vaults_ring_large, ontoclasm_vaults_shout, v_misc_26,
          vaults_room_fours, v_misc_25, v_rooms_3, vaults_dpeg_diagonal,
          nicolae_vaults_asterisk
Vaults:3: v_rooms_5, nicolae_vaults_three_branches, hangedman_vaults_stagger,
          v_misc_1, hangedman_vaults_stitches, vaults_room_stairs_pillars,
          vaults_mumra_bighexcomb, hangedman_vaults_pinch, v_misc_17,
          minmay_crypt_entry_simple_sparse, vaults_dpeg_cross,
          nicolae_vaults_little_squares_2
Vaults:4: grunt_vaults_bifocal, vaults_mumra_minichess, st_greater_box_1,
          nicolae_vaults_little_squares_3, nicolae_vaults_circle_grid_a,
          vaults_standard_mumra_x, vaults_room_hallway, v_misc_24,
          vaults_mumra_hex, v_misc_5, nicolae_vaults_theta, serial_shops,
          bzr_entry_islet
Vaults:5: uniq_saint_roka
Depths:1: pf_hell_entry_tar_river, corner_web_ring, lemuel_freeze_loot_1,
          serial_bayou_shore_a, minmay_shop_grove
Depths:2: minmay_diamond_stairs, minmay_misc_feat_columns, grunt_hell_horde,
          uniq_sojobo, uniq_nikola
Depths:3: gammafunk_sealed_library, rand_demon_pan_entry_8,
          nicolae_benzene_ring, hell_entry, nicolae_lava_and_water
Depths:4: grunt_profane_halls, hell_entry, abyss_entry
Depths:5: evilmike_zot_entry_hall, minmay_misc_feat_diagonals, hell_entry,
          kennysheep_kite_vault
Bazaar:   bazaar_kb_twisted_cavern
IceCv:    ice_cave_small_demon
Volcano:  volcano_grotto

Skill      XL: |  1  2  3  4  5  6  7  8  9 10 11 12 13 14 15 16 17 18 19 20 21 22 23 24 25 26 27 |
---------------+----------------------------------------------------------------------------------+-----
Polearms       | 5 6 8 9 10 12 14 16 20 21 22 23 24 25 26 27 | 27.0
Fighting       | 5 7 10 11 12 14 15 16 17 18 19 20 21 22 | 22.7
Armour         | 4 5 6 8 9 10 11 12 13 14 15 16 | 16.3
Dodging        | 5 6 9 11 13 14 15 16 17 18 19 20 21 22 23 24 | 24.4
Stealth        | 7 10 | 10.3
Evocations     | 6 10 11 12 13 14 15 | 15.0

Action                   |  1- 3 |  4- 6 |  7- 9 | 10-12 | 13-15 | 16-18 | 19-21 | 22-24 | 25-27 || total
-------------------------+-------+-------+-------+-------+-------+-------+-------+-------+-------++-------
Melee: Spear             |   106 |   186 |       |       |       |       |       |       |       ||   292
       Trident           |       |    99 |   331 |   303 |       |       |       |       |       ||   733
       Halberd           |       |       |       |   298 |       |       |       |       |       ||   298
       Glaive            |       |       |       |    59 |  1164 |  1506 |  1001 |   869 |  1078 ||  5677
       Tailslap          |       |       |       |       |     3 |    62 |     2 |     3 |     5 ||    75
Throw: Javelin           |       |       |       |       |     1 |     4 |       |       |       ||     5
Invok: Berserk           |     1 |     6 |     5 |    13 |     9 |    14 |     3 |     2 |     4 ||    57
       Trog's Hand       |       |       |     2 |     5 |     8 |    17 |    10 |    13 |    14 ||    69
       Brothers in Arms  |       |       |       |     3 |     1 |     3 |     5 |     2 |     4 ||    18
 Abil: Evoke Invisibilit |       |       |       |       |       |     5 |       |       |       ||     5
Evoke: Wand              |       |       |       |     3 |       |     5 |       |       |     3 ||    11
       Box of beasts     |       |       |       |       |       |       |       |       |     1 ||     1
       Sack of spiders   |       |       |       |       |       |       |       |       |     1 ||     1
  Use: Scroll            |     1 |     4 |    11 |     6 |    21 |    12 |     7 |     9 |    12 ||    83
       Potion            |       |       |     2 |     1 |     3 |    11 |     2 |     6 |     8 ||    33
 Stab: Sleeping          |     1 |     1 |       |     9 |     2 |       |       |       |       ||    13
       Distracted        |       |       |       |     2 |     4 |     1 |     2 |       |     1 ||    10
       Petrified         |       |       |       |       |     2 |       |       |       |       ||     2
       Petrifying        |       |       |       |       |     1 |       |       |       |       ||     1
       Invisible         |       |       |       |       |       |    15 |       |       |       ||    15
  Eat: Chunk             |     1 |    13 |    13 |    28 |    38 |    38 |    22 |    18 |    29 ||   200
       Ration            |       |       |     1 |     3 |       |     7 |     2 |     3 |     3 ||    19
Armor: Animal skin       |     3 |       |       |       |       |       |       |       |       ||     3
       Leather armour    |     3 |    17 |       |       |       |       |       |       |       ||    20
       Scale mail        |       |    50 |    54 |   135 |    78 |       |       |       |       ||   317
       Crystal plate arm |       |       |       |       |   353 |  1034 |   477 |   354 |   406 ||  2624
Dodge: Dodged            |    35 |   117 |    84 |   222 |   355 |   766 |   400 |   485 |   781 ||  3245
Block: Other             |       |       |       |    28 |    45 |    84 |    39 |    13 |       ||   209
       Reflection        |       |       |       |       |     1 |     2 |     4 |       |       ||     7

Table legend:
 A = Spawn XP
 B = Non-spawn XP
 C = Spawn XP percentage of total XP
 D = Spawn monster count
 E = Non-spawn monster count
 F = Spawn count percentage of total count
 G = Total turns spent on level
                    A         B        C        D         E        F      G
               +---------+---------+-------+---------+---------+-------+---------
         Total |       0 | 1078399 |   0.0 |       0 |    2189 |   0.0 | 50777
               +---------+---------+-------+---------+---------+-------+---------
           D:1 |       0 |      66 |   0.0 |       0 |      25 |   0.0 |   735
           D:2 |       0 |      96 |   0.0 |       0 |      25 |   0.0 |  1321
           D:3 |       0 |     246 |   0.0 |       0 |      36 |   0.0 |  1183
           D:4 |       0 |     426 |   0.0 |       0 |      11 |   0.0 |   920
           D:5 |       0 |     381 |   0.0 |       0 |      10 |   0.0 |   729
           D:6 |       0 |     886 |   0.0 |       0 |      22 |   0.0 |  1108
           D:7 |       0 |     779 |   0.0 |       0 |       9 |   0.0 |   614
           D:8 |       0 |    2354 |   0.0 |       0 |      24 |   0.0 |   762
           D:9 |       0 |    2422 |   0.0 |       0 |      28 |   0.0 |   913
          D:10 |       0 |    8333 |   0.0 |       0 |      37 |   0.0 |  2169
          D:11 |       0 |    9737 |   0.0 |       0 |      61 |   0.0 |  1837
          D:12 |       0 |    5032 |   0.0 |       0 |      24 |   0.0 |   782
          D:13 |       0 |   15493 |   0.0 |       0 |      57 |   0.0 |  1163
          D:14 |       0 |    8719 |   0.0 |       0 |      37 |   0.0 |   815
          D:15 |       0 |   15431 |   0.0 |       0 |      39 |   0.0 |  1300
        Lair:1 |       0 |    3654 |   0.0 |       0 |      13 |   0.0 |   785
        Lair:2 |       0 |    8813 |   0.0 |       0 |      67 |   0.0 |  1237
        Lair:3 |       0 |    9761 |   0.0 |       0 |      30 |   0.0 |   798
        Lair:4 |       0 |   10601 |   0.0 |       0 |      34 |   0.0 |  1667
        Lair:5 |       0 |    8734 |   0.0 |       0 |      33 |   0.0 |   750
        Lair:6 |       0 |   20692 |   0.0 |       0 |      56 |   0.0 |   961
       Swamp:1 |       0 |   11568 |   0.0 |       0 |      36 |   0.0 |   767
       Swamp:2 |       0 |    9210 |   0.0 |       0 |      30 |   0.0 |   802
       Swamp:3 |       0 |   11372 |   0.0 |       0 |      34 |   0.0 |  1480
       Swamp:4 |       0 |   28857 |   0.0 |       0 |      48 |   0.0 |  1630
      Spider:1 |       0 |   21752 |   0.0 |       0 |      71 |   0.0 |   903
      Spider:2 |       0 |   17689 |   0.0 |       0 |      40 |   0.0 |   814
      Spider:3 |       0 |    9619 |   0.0 |       0 |      21 |   0.0 |  1283
      Spider:4 |       0 |   53380 |   0.0 |       0 |     111 |   0.0 |  1487
         Orc:1 |       0 |    2419 |   0.0 |       0 |      38 |   0.0 |   886
         Orc:2 |       0 |   24258 |   0.0 |       0 |     101 |   0.0 |  1342
         Elf:1 |       0 |   30828 |   0.0 |       0 |      47 |   0.0 |  1033
         Elf:2 |       0 |   40840 |   0.0 |       0 |      62 |   0.0 |  1052
         Elf:3 |       0 |   52878 |   0.0 |       0 |      52 |   0.0 |  1215
      Vaults:1 |       0 |   37858 |   0.0 |       0 |      66 |   0.0 |  1371
      Vaults:2 |       0 |   58263 |   0.0 |       0 |      95 |   0.0 |  1454
      Vaults:3 |       0 |   78793 |   0.0 |       0 |     120 |   0.0 |  1558
      Vaults:4 |       0 |   99177 |   0.0 |       0 |     124 |   0.0 |  1918
      Vaults:5 |       0 |   25486 |   0.0 |       0 |      18 |   0.0 |    90
      Depths:1 |       0 |   23594 |   0.0 |       0 |      33 |   0.0 |   954
      Depths:2 |       0 |   63917 |   0.0 |       0 |      62 |   0.0 |  1277
      Depths:3 |       0 |   45303 |   0.0 |       0 |      58 |   0.0 |  1256
      Depths:4 |       0 |  103297 |   0.0 |       0 |     129 |   0.0 |  1462
      Depths:5 |       0 |   86411 |   0.0 |       0 |      68 |   0.0 |  1093
         IceCv |       0 |    4370 |   0.0 |       0 |      29 |   0.0 |   648
       Volcano |       0 |    4604 |   0.0 |       0 |      18 |   0.0 |   331
               +---------+---------+-------+---------+---------+-------+---------

Vault maps used:
D:1:      lemuel_arrival_hallway
D:2:      first_ration
D:3:      corexii_shack
D:4:      grunt_gozag_statues, minmay_temple_entry_poolview, okawaru_trees_1
D:6:      serial_shops, kennysheep_mini, skrybe_limestone_x
D:7:      grunt_ogre_cave
D:8:      lemuel_crystal_altar, kennysheep_generic_room_10
D:9:      grunt_temple_overflow_open
D:10:     minmay_shrinking_squares, minmay_lair_entry_grove, enter_trove_5,
          st_stairs_12, nemelex_altar_shiori, uniq_maurice, uniq_joseph
D:11:     hiddenorc1_lemuel, serial_shops, shop, st_stairs_7
D:13:     david_vaults_4, uniq_erolcha, uniq_kirke
D:14:     moated_statue, grunt_dithmenos_smoke
D:15:     gammafunk_enter_depths_forms, serial_bayou_lagoon_a,
          patterned_corridor
Lair:1:   grunt_megastairs_3
Lair:2:   zaba_anthell, grunt_megastairs_2
Lair:3:   minivault_19, beast_lair_carwin_11, grunt_megastairs_4
Lair:4:   minmay_swamp_entry_reptiles, spider_nest_entry_webs,
          portal_ice_cave_rime, uniq_sonja, uniq_urug
Lair:6:   gammafunk_lair_ancient_temple, slime_altar_1
Swamp:1:  evilmike_swamp_ruin_house_1, swamp_pool1
Swamp:2:  evilmike_swamp_ruin_rubble_1
Swamp:3:  evilmike_swamp_ruin_house_3, infiniplex_staircase_pool
Swamp:4:  swamp_alternative
Spider:1: nicolae_spider_circle_web, spider_trap, guppyfry_spider_mini_1
Spider:2: spider_trap
Spider:3: uniq_aizul
Spider:4: floodkiller_spider_rune_tomb, nicolae_spider_webs_and_nodes,
          uniq_jorgrun
Orc:1:    minmay_goldmine, guppyfry_library_mini
Orc:2:    pf_orc_diabolical, nicolae_volcano_entry_hallway, uniq_nessos
Elf:1:    minmay_the_grid_triangle_9x9_rhombus_full, minmay_elf_annihilation,
          grunt_ministairs_4
Elf:2:    hangedman_elf_targetted_burst, minmay_misc_feat_ornament,
          basic_stair_grate_trap
Elf:3:    elf_hall_gauntlet_narrow
Vaults:1: v_misc_1, nicolae_vaults_little_squares_6,
          nicolae_vaults_statue_guard, v_pattern_3, grunt_vaults_diagonal,
          vaults_room_semicircle, nicolae_vaults_mini_display_case,
          vaults_room_octagon, ontoclasm_vaults_ligature,
          nicolae_vaults_windows_and_doors_thing, ontoclasm_vaults_eye,
          ontoclasm_vaults_claustrophobia, nicolae_vaults_what_the_h,
          ontoclasm_vaults_hangar, serial_shops, shop
Vaults:2: grunt_vaults_funnel, v_pattern_5, ontoclasm_vaults_ring_small,
          ontoclasm_vaults_ring_large, ontoclasm_vaults_shout, v_misc_26,
          vaults_room_fours, v_misc_25, v_rooms_3, vaults_dpeg_diagonal,
          nicolae_vaults_asterisk
Vaults:3: v_rooms_5, nicolae_vaults_three_branches, hangedman_vaults_stagger,
          v_misc_1, hangedman_vaults_stitches, vaults_room_stairs_pillars,
          vaults_mumra_bighexcomb, hangedman_vaults_pinch, v_misc_17,
          minmay_crypt_entry_simple_sparse, vaults_dpeg_cross,
          nicolae_vaults_little_squares_2
Vaults:4: grunt_vaults_bifocal, vaults_mumra_minichess, st_greater_box_1,
          nicolae_vaults_little_squares_3, nicolae_vaults_circle_grid_a,
          vaults_standard_mumra_x, vaults_room_hallway, v_misc_24,
          vaults_mumra_hex, v_misc_5, nicolae_vaults_theta, serial_shops,
          bzr_entry_islet
Vaults:5: uniq_saint_roka
Depths:1: pf_hell_entry_tar_river, corner_web_ring, lemuel_freeze_loot_1,
          serial_bayou_shore_a, minmay_shop_grove
Depths:2: minmay_diamond_stairs, minmay_misc_feat_columns, grunt_hell_horde,
          uniq_sojobo, uniq_nikola
Depths:3: gammafunk_sealed_library, rand_demon_pan_entry_8,
          nicolae_benzene_ring, hell_entry, nicolae_lava_and_water
Depths:4: grunt_profane_halls, hell_entry, abyss_entry
Depths:5: evilmike_zot_entry_hall, minmay_misc_feat_diagonals, hell_entry,
          kennysheep_kite_vault
Bazaar:   bazaar_kb_twisted_cavern
IceCv:    ice_cave_small_demon
Volcano:  volcano_grotto

Table legend:
 A = Turns spent in this place as a percentage of turns spent in the entire game.
 B = Non-inter-level travel turns spent in this place as a percentage of non-inter-level travel turns spent in the entire game.
 C = Inter-level travel turns spent in this place as a percentage of turns spent in this place.
 D = Turns resting spent in this place as a percentage of non-inter-level travel turns spent in this place.
 E = Turns spent auto-exploring this place as a percentage of non-inter-level travel turns spent in this place.
 F = Non-inter-level travel turns spent in this place divided by the number of levels of this place that you've seen.
                   A       B       C       D       E      F
               +-------+-------+-------+-------+-------+----------------------
         Total | 100.0 | 100.0 |   8.0 |   7.2 |  65.2 | 993.8
       Dungeon |  32.2 |  31.2 |  10.8 |   9.5 |  68.1 | 972.1
          Lair |  12.2 |  12.5 |   6.1 |   8.8 |  68.4 | 969.8
         Swamp |   9.2 |   9.6 |   4.2 |   8.1 |  65.6 | 1120.8
   Spider Nest |   8.8 |   9.2 |   4.1 |   6.2 |  68.0 | 1075.8
  Orcish Mines |   4.4 |   4.2 |  11.2 |  13.3 |  55.1 | 989.0
   Elven Halls |   6.5 |   6.4 |  10.0 |   3.7 |  62.2 | 989.7
        Vaults |  12.6 |  12.7 |   7.4 |   0.7 |  67.4 | 1183.6
        Depths |  11.9 |  11.9 |   8.0 |   2.8 |  61.6 | 1111.2
        Bazaar |   0.2 |   0.3 |   0.0 |   0.0 |  47.5 | 122.0
      Ice Cave |   1.3 |   1.4 |   0.0 |  43.8 |  13.0 | 648.0
       Volcano |   0.7 |   0.7 |   0.0 |   0.0 |  58.3 | 331.0
               +-------+-------+-------+-------+-------+----------------------

Table legend:
 A = Kills in this place as a percentage of kills in entire the game.
 B = Kills by you in this place as a percentage of kills by you in the entire game.
 C = Kills by friends in this place as a percentage of kills by friends in the entire game.
 D = Other kills in this place as a percentage of other kills in the entire game.
 E = Experience gained in this place as a percentage of experience gained in the entire game.
 F = Experience gained in this place divided by the number of levels of this place that you have seen.
                   A       B       C       D       E      F
               +-------+-------+-------+-------+-------+----------------------
         Total | 100.0 | 100.0 | 100.0 | 100.0 | 100.0 | 22944.7
       Dungeon |  20.3 |  20.8 |   4.2 |   0.0 |   6.5 | 4693.4
          Lair |  10.6 |  10.7 |   8.3 |   0.0 |   5.8 | 10375.8
         Swamp |   6.8 |   6.8 |   4.2 |  25.0 |   5.7 | 15251.8
   Spider Nest |  11.1 |  10.7 |  27.1 |  12.5 |   9.5 | 25610.0
  Orcish Mines |   6.3 |   6.5 |   0.0 |  12.5 |   2.5 | 13338.5
   Elven Halls |   7.4 |   7.5 |   0.0 |  12.5 |  11.5 | 41515.3
        Vaults |  19.3 |  19.0 |  35.4 |  12.5 |  27.8 | 59915.4
        Depths |  16.0 |  15.8 |  20.8 |  25.0 |  29.9 | 64504.4
      Ice Cave |   1.3 |   1.4 |   0.0 |   0.0 |   0.4 | 4370.0
       Volcano |   0.8 |   0.8 |   0.0 |   0.0 |   0.4 | 4604.0
               +-------+-------+-------+-------+-------+----------------------
